 Dungeon Crawl Stone Soup version 0.26-a0-597-gb535b0901c (webtiles) character file.

Game seed: 29450483146142626

894 Lanoc the Chopper (level 7, -3/91 HPs)
             Began as a Purple Draconian Gladiator on Sept 14, 2020.
             Was a Believer of Qazlal.
             Slain by an orc warrior
             ... wielding a +0 battleaxe
              (6 damage)
             ... on level 7 of the Dungeon.
             The game lasted 00:10:17 (4447 turns).

Lanoc the Chopper (Purple Draconian Gladiator)      Turns: 4447, Time: 00:10:17

Health: -3/91      AC: 23    Str: 17    XL:     7   Next: 78%
Magic:  7/7        EV:  2    Int:  8    God:    Qazlal [**....]
Gold:   227        SH:  3    Dex: 14    Spells: 6/6 levels left

rFire    . . .     SeeInvis .   a - +0 war axe
rCold    + . .     Faith    +   (no shield)
rNeg     + + +     Spirit   .   (armour unavailable)
rPois    +         Reflect  .   (helmet currently unavailable)
rElec    .         Harm     .   (cloak currently unavailable)
rCorr    .         NoTele   +   (gloves currently unavailable)
MR       +....                  (boots currently unavailable)
Stlth    +.........             v - amulet of faith (curse)
HPRegen  0.25/turn              p - ring of protection from cold
MPRegen  0.10/turn              (no ring)

@: mighty, brilliant, tree-form, mesmerised, very slightly contaminated,
invisible
A: (breathe power), unfitting armour, AC +6
a: Upheaval, Renounce Religion


You were on level 7 of the Dungeon.
You worshipped Qazlal.
Qazlal was pleased with you.
You were a tree.
You visited 2 branches of the dungeon, and saw 7 of its levels.

You collected 227 gold pieces.

Inventory:

Hand Weapons
 a - a +0 war axe (weapon)
Missiles
 c - 4 throwing nets (quivered)
Armour
 e - a +0 hat (melded)
 m - a +0 cloak (melded)
Jewellery
 p - a ring of protection from cold (left branch)
 v - a cursed amulet of faith (around neck)
Wands
 o - a wand of flame (14)
 s - a wand of iceblast (8)
Scrolls
 b - a scroll of remove curse {unknown}
 f - 2 scrolls of identify {unknown}
 h - 2 scrolls of fear {unknown}
 j - a scroll of random uselessness {unknown}
 k - a scroll of teleportation {unknown}
 l - 3 scrolls of enchant armour {unknown}
 q - a scroll of enchant weapon {unknown}
 t - a scroll of noise {unknown}
 w - a scroll of immolation {unknown}
Potions
 i - a potion of lignification
 r - a potion of haste
 x - a potion of degeneration {unknown}


   Skills:
 + Level 5.2 Fighting
 * Level 7.0 Axes
 - Level 1.7 Throwing
 + Level 4.8 Dodging


You had 6 spell levels left.
You didn't know any spells.
Your spell library was empty.

Dungeon Overview and Level Annotations

Branches:
Dungeon (5/15)             Temple (1/1) D:5

Altars:
Ashenzari
Cheibriados
Dithmenos
Elyvilon
Fedhas
Gozag
Hepliaklqana
Kikubaaqudgha
Makhleb
Nemelex Xobeh
Okawaru
Qazlal
Ru
Sif Muna
Trog
Uskayaw
Vehumet
Wu Jian
Xom
Yredelemnul
Zin
The Shining One

Annotations:
D:3 3 runed translucent doors, Flugslaktarn's ghost, weakling MiFi
D:7 Maggie; Pikel


Innate Abilities, Weirdness & Mutations

((You can breathe bolts of dispelling energy.))
((Your rich purple scales are hard. (AC +6)))
You cannot fit into any form of body armour.
((You are cold-blooded and may be slowed by cold attacks.))


Message History

You barely miss the orc warrior.
The orc warrior is heavily wounded.
You barely miss the lemure.
The orc warrior hits you but does no damage.
You slash the orc warrior!
The orc warrior is severely wounded.
You hit Pikel.
The orc warrior hits you with a +0 battleaxe!
* * * LOW HITPOINT WARNING * * *
Maggie mumbles some strange words.
Maggie draws you further into her thrall.
It was a potion of invisibility.
You fade into invisibility!
Pikel hits you but does no damage.
The orc warrior hits you but does no damage.
You are very lightly contaminated with residual magic.
It was a potion of berserk rage.
You are too mesmerised to rage.
Pikel hits you but does no damage.
The orc warrior hits you with a +0 battleaxe.
You die...

## . ##. ... #.#
#?# #o# #♣# #K#
.# #5# #.# #@#
#.# #Z# #.# ###
#.####.#
#...#####....#.#
##..@...........#
..........$.....#


You could see Maggie (mesmerising), Pikel, an orc warrior, a lemure and a worker
ant zombie.

Vanquished Creatures
  A sky beast (D:5)
  An ogre (D:5)
  A phantom (D:4)
  3 lemures (D:7)
  A scorpion (D:5)
  A howler monkey (D:4)
  3 orc priests (D:5)
  2 bullfrog skeletons (D:5)
  A gnoll shaman (D:5)
  4 orc wizards
  Ijyb (D:5)
  Robin (D:4)
  A worker ant zombie (D:5)
  3 gnolls (D:5)
  6 adders
  2 white imps
  3 oozes
  3 worms
  A dart slug (D:3)
  3 leopard geckos
  19 orcs
  4 giant cockroaches
  15 goblins
  3 hobgoblins
  2 jackals (D:2)
  2 quokkas
  3 ball pythons
  8 bats
  2 frilled lizards (D:3)
  5 kobolds
  3 rats
108 creatures vanquished.

Notes
Turn   | Place    | Note
-------+----------+-------------------------------------------
     0 | D:1      | Lanoc the Draconian Gladiator began the quest for the Orb.
     0 | D:1      | Reached XP level 1. HP: 17/17 MP: 1/1
   185 | D:2      | Reached XP level 2. HP: 24/25 MP: 2/2
   493 | D:2      | Reached XP level 3. HP: 28/30 MP: 3/3
   967 | D:2      | Reached skill level 4 in Axes
  1480 | D:3      | Found a stormy altar of Qazlal.
  1487 | D:3      | Became a worshipper of Qazlal Stormbringer
  1495 | D:3      | Reached XP level 4. HP: 38/38 MP: 4/4
  2156 | D:3      | Reached * piety under Qazlal
  2273 | D:3      | Found a runed translucent gate.
  2273 | D:3      | Found a runed translucent gate.
  2273 | D:3      | Found a runed translucent gate.
  2275 | D:3      | Noticed Flugslaktarn's ghost (weakling MiFi)
  2320 | D:3      | Reached XP level 5. HP: 45/45 MP: 5/5
  2714 | D:4      | Noticed a phantom
  2759 | D:5      | Entered Level 5 of the Dungeon
  2759 | D:5      | Noticed Ijyb
  2794 | D:5      | Killed Ijyb
  2968 | D:5      | Found a staircase to the Ecumenical Temple.
  2984 | Temple   | Entered the Ecumenical Temple
  3274 | D:5      | Noticed a sky beast
  3283 | D:5      | Reached skill level 5 in Axes
  3315 | D:5      | Killed a sky beast
  3315 | D:5      | Reached XP level 6. HP: 16/52 MP: 6/6
  3819 | D:5      | Reached skill level 6 in Axes
  3824 | D:5      | Your scales start taking on a rich purple colour.
  3824 | D:5      | Reached XP level 7. HP: 55/60 MP: 7/7
  4145 | D:4      | Reached skill level 5 in Fighting
  4155 | D:4      | Noticed Robin
  4157 | D:4      | Reached ** piety under Qazlal
  4167 | D:4      | Killed Robin
  4360 | D:4      | Reached skill level 7 in Axes
  4398 | D:4      | You fall into a shaft and drop 3 floors!
  4407 | D:7      | Noticed Pikel
  4424 | D:7      | Noticed Maggie
  4445 | D:7      | HP: 2/91 [orc warrior/+0 battleaxe (11)]
  4447 | D:7      | Slain by an orc warrior

Illustrated notes

Levels and vault maps discovered:
D:1:      saegor_arrival_simple_b, layout_basic
D:2:      layout_loops_ring
D:3:      layout_loops_ring, old_standard_altar, ebering_ghost_rock_garden,
          kennysheep_boxes
D:4:      minmay_wonky_spiral, layout_basic, uniq_robin
D:5:      layout_loops_cross, minmay_temple_entry_proselytizer, feat_on_display,
          uniq_ijyb, uniq_grinder
D:7:      layout_basic, uniq_crazy_yiuf_cottage, uniq_pikel, uniq_maggie
Temple:   dpeg_three_leaves_temple

Skill      XL: |  1  2  3  4  5  6  7 |
---------------+----------------------+-----
Dodging        | 3 4 |  4.8
Axes           | 4 5 6 7 |  7.0
Fighting       | 3 4 5 |  5.2
Throwing       | |  1.7

Action                   |  1- 3 |  4- 6 |  7- 9 || total
-------------------------+-------+-------+-------++-------
Melee: War axe           |    96 |   190 |    83 ||   369
       Tailslap          |    12 |    29 |    13 ||    54
 Abil: Breathe Dispellin |       |       |     1 ||     1
  Use: Potion            |       |     2 |     6 ||     8
Armor: Skin              |    28 |    57 |    43 ||   128
Dodge: Dodged            |    87 |   119 |    59 ||   265
Block: Other             |       |     4 |    11 ||    15

Table legend: (Time is in decaauts)
 A = Elapsed time spent in this place.
 B = Non-inter-level travel time spent in this place.
 C = Inter-level travel time spent in this place.
 D = Time resting spent in this place.
 E = Time spent auto-exploring this place.
 F = Levels seen in this place.
 G = Mean time per level.
                   A        B        C        D        E       F      G
               +--------+--------+--------+--------+--------+-----+--------+
         Total |   4556 |   4431 |    125 |    602 |   2834 |   7 |  650.9 |
       Dungeon |   4093 |   3982 |    111 |    405 |   2586 |   6 |  682.2 |
        Temple |    463 |    449 |     14 |    197 |    248 |   1 |  463.0 |
               +--------+--------+--------+--------+--------+-----+--------+

Top non-repeatable levels by time:
     D:3: 1449 daAuts
     D:2: 1014 daAuts
     D:5: 724 daAuts
     D:1: 488 daAuts
  Temple: 463 daAuts
     D:4: 363 daAuts
     D:7: 52 daAuts
